General information
- name: BNet
- type: Ladder team game (AT/RT)
- host: Battle.net
- saver: bLinn
map: Monsoon
- players: 6
- length: 27:06
- speed: Fast
- version: 1.21 W3XP
- replay type:

» download(186 KB)
Players
team 1 (loser)

»
flatfeet (
pink | 118 APM | 3130 actions | 26:29)
2 Archmage
1 Blizzard
1 Brilliance Aura
1 Mountain King
1 Storm Bolt
» actions
| Assign group hotkey | 130 | |
| Basic commands | 248 | |
| Build / train | 71 | |
| ESC pressed | 21 | |
| Enter build submenu | 28 | |
| Enter hero's abilities submenu | 3 | |
| Give item / drop item | 2 | |
| Right click | 786 | |
| Select / deselect | 459 | |
| Select group hotkey | 1311 | |
| Use ability | 69 | |
3130 total
» units
| Peasant | 8 | |
| Footman | 4 | |
| Siege Engine | 4 | |
| Mortar Team | 10 | |
| Flying Machine | 16 | |
42 total
» upgrades
| Magic Sentry | 1 | |
| Barrage | 2 | |
| Lumber Harvesting | 2 | |
| Fragmentation Shards | 2 | |
| Flak Cannons | 1 | |
| Gunpowder | 2 | |
| Armor | 1 | |
| Flying Machine Bombs | 1 | |
12 total
» buildings
| Altar of Kings | 1 | |
| Farm | 11 | |
| Barracks | 1 | |
| Lumber Mill | 1 | |
| Scout Tower | 3 | |
| Arcane Tower | 1 | |
| Keep | 5 | |
| Arcane Vault | 1 | |
| Castle | 1 | |
| Arcane Sanctum | 2 | |
| Blacksmith | 1 | |
| Workshop | 4 | |
| Cannon Tower | 2 | |
34 total
» build order
00:07 Altar of Kings
00:14 Farm
00:55 Barracks
01:33 Lumber Mill
02:00 Scout Tower
02:20 Farm
02:28 Farm
02:31 Arcane Tower
03:28 Keep
03:28 Keep
03:29 Keep
05:23 Arcane Vault
06:14 Castle
06:17 Arcane Sanctum
06:22 Arcane Sanctum
06:50 Blacksmith
07:00 Farm
08:04 Workshop
08:11 Workshop
08:19 Farm
08:39 Farm
08:59 Farm
09:44 Farm
09:49 Scout Tower
10:27 Cannon Tower
10:29 Farm
10:33 Scout Tower
11:17 Farm
11:19 Farm
11:55 Cannon Tower
17:55 Workshop
18:05 Workshop
» items
| Boots of Speed | 1 | |
| Dust of Appearance | 1 | |
| Potion of Healing | 1 | |
3 total

»
freakyfebs (
purple | 59 APM | 1552 actions | 26:18)
3 Archmage
2 Blizzard
1 Brilliance Aura
2 Blood Mage
1 Flame Strike
1 Siphon Mana
» actions
| Assign group hotkey | 22 | |
| Basic commands | 6 | |
| Build / train | 66 | |
| ESC pressed | 2 | |
| Enter build submenu | 28 | |
| Enter hero's abilities submenu | 5 | |
| Right click | 552 | |
| Select / deselect | 345 | |
| Select group hotkey | 466 | |
| Use ability | 60 | |
1552 total
» units
| Peasant | 9 | |
| Sorceress | 7 | |
| Priest | 6 | |
| Spell Breaker | 3 | |
| Gryphon Rider | 7 | |
| Dragonhawk Rider | 2 | |
34 total
» upgrades
| Masonry | 3 | |
| Priest Training | 3 | |
| Sorceress Training | 3 | |
| Magic Sentry | 1 | |
| Storm Hammers | 1 | |
| Swords | 2 | |
| Control Magic | 1 | |
| Cloud | 1 | |
| Armor | 1 | |
16 total
» buildings
| Altar of Kings | 1 | |
| Farm | 10 | |
| Scout Tower | 8 | |
| Lumber Mill | 1 | |
| Guard Tower | 7 | |
| Keep | 1 | |
| Arcane Vault | 1 | |
| Arcane Sanctum | 2 | |
| Castle | 1 | |
| Gryphon Aviary | 1 | |
| Blacksmith | 1 | |
| Town Hall | 1 | |
35 total
» build order
00:06 Altar of Kings
00:16 Farm
00:46 Scout Tower
00:58 Farm
01:11 Lumber Mill
01:52 Guard Tower
01:59 Scout Tower
02:24 Scout Tower
02:32 Guard Tower
02:58 Guard Tower
03:27 Keep
05:45 Arcane Vault
05:57 Arcane Sanctum
07:00 Arcane Sanctum
07:30 Farm
07:48 Farm
08:31 Farm
09:36 Castle
11:00 Farm
11:08 Gryphon Aviary
11:50 Farm
12:40 Farm
13:22 Farm
13:46 Blacksmith
14:15 Farm
20:50 Scout Tower
21:18 Scout Tower
21:22 Guard Tower
21:25 Scout Tower
22:02 Town Hall
22:07 Scout Tower
22:08 Guard Tower
22:42 Scout Tower
22:43 Guard Tower
23:11 Guard Tower
jiraiyakenpachi (
red | 67 APM | 1826 actions | 27:04)
4 Keeper of the Grove
2 Entangling Roots
2 Thorns Aura
» actions
| Assign group hotkey | 7 | |
| Basic commands | 31 | |
| Build / train | 76 | |
| ESC pressed | 3 | |
| Enter build submenu | 22 | |
| Enter hero's abilities submenu | 4 | |
| Remove unit from queue | 1 | |
| Right click | 809 | |
| Select / deselect | 490 | |
| Select group hotkey | 339 | |
| Use ability | 44 | |
1826 total
» units
| Wisp | 18 | |
| Archer | 10 | |
| Dryad | 14 | |
| Druid of the Claw | 8 | |
50 total
» upgrades
| Strength of the Moon | 3 | |
| Improved Bows | 1 | |
| Moon Armor | 2 | |
| Strength of the Wild | 3 | |
| Druid of the Claw Training | 2 | |
| Reinforced Hides | 3 | |
| Abolish Magic | 1 | |
| Mark of the Claw | 1 | |
| Marksmanship | 1 | |
17 total
» buildings
| Altar of Elders | 1 | |
| Ancient of War | 1 | |
| Moon Well | 8 | |
| Hunter's Hall | 1 | |
| Ancient of Wonders | 1 | |
| Tree of Ages | 1 | |
| Ancient of Lore | 1 | |
| Tree of Eternity | 1 | |
| Ancient Protector | 1 | |
| Tree of Life | 4 | |
20 total
» build order
00:12 Altar of Elders
00:17 Ancient of War
00:52 Moon Well
02:15 Moon Well
03:17 Moon Well
03:50 Moon Well
04:05 Hunter's Hall
04:15 Ancient of Wonders
04:52 Moon Well
05:14 Tree of Ages
05:50 Moon Well
06:50 Moon Well
08:18 Ancient of Lore
10:56 Tree of Eternity
12:24 Ancient Protector
20:39 Moon Well
21:54 Tree of Life
22:02 Tree of Life
22:10 Tree of Life
22:30 Tree of Life
» items
team 2 (winner)
BEAR_AND (
green | 87 APM | 2350 actions | 27:05)
5 Warden
3 Shadow Strike
2 Blink
» actions
| Assign group hotkey | 5 | |
| Basic commands | 3 | |
| Build / train | 51 | |
| Enter build submenu | 12 | |
| Enter hero's abilities submenu | 5 | |
| Remove unit from queue | 2 | |
| Right click | 1454 | |
| Select / deselect | 243 | |
| Select group hotkey | 499 | |
| Use ability | 75 | |
2350 total
» units
» upgrades
| Ultravision | 1 | |
| Strength of the Wild | 3 | |
| Reinforced Hides | 3 | |
| Nature's Blessing | 1 | |
| Corrosive Breath | 1 | |
| Well Spring | 1 | |
10 total
» buildings
| Altar of Elders | 1 | |
| Moon Well | 6 | |
| Tree of Ages | 1 | |
| Hunter's Hall | 1 | |
| Tree of Eternity | 1 | |
| Ancient of Wind | 1 | |
| Chimaera Roost | 2 | |
| Tree of Life | 2 | |
| Ancient of Wonders | 1 | |
16 total
» build order
00:27 Altar of Elders
00:30 Moon Well
03:01 Moon Well
03:24 Tree of Ages
03:38 Hunter's Hall
05:18 Moon Well
05:22 Moon Well
05:29 Moon Well
05:30 Moon Well
05:49 Tree of Eternity
05:54 Ancient of Wind
08:15 Chimaera Roost
08:16 Chimaera Roost
08:26 Tree of Life
08:49 Tree of Life
11:42 Ancient of Wonders
» items
| Boots of Speed | 1 | |
| Staff of Teleportation | 1 | |
| Scroll of Town Portal | 1 | |
| Orb of Venom | 1 | |
4 total
bLinn (
blue | 85 APM | 2315 actions | 27:06)
7 Blademaster
3 Wind Walk
3 Critical Strike
1 Bladestorm
» actions
| Assign group hotkey | 270 | |
| Build / train | 69 | |
| ESC pressed | 2 | |
| Enter build submenu | 67 | |
| Enter hero's abilities submenu | 7 | |
| Give item / drop item | 9 | |
| Right click | 1158 | |
| Select / deselect | 265 | |
| Select group hotkey | 225 | |
| Use ability | 243 | |
2315 total
» units
» upgrades
| Spiked Barricades | 1 | |
| Liquid Fire | 1 | |
2 total
» buildings
| Altar of Storms | 1 | |
| Orc Burrow | 4 | |
| War Mill | 1 | |
| Watch Tower | 61 | |
| Voodoo Lounge | 3 | |
| Stronghold | 2 | |
| Beastiary | 2 | |
| Great Hall | 3 | |
| Fortress | 3 | |
80 total
» build order
00:02 Altar of Storms
00:14 Orc Burrow
00:20 War Mill
01:48 Orc Burrow
02:10 Watch Tower
02:12 Watch Tower
03:18 Watch Tower
03:18 Watch Tower
03:23 Voodoo Lounge
03:30 Watch Tower
03:31 Watch Tower
04:01 Voodoo Lounge
04:10 Stronghold
04:10 Stronghold
04:21 Watch Tower
04:22 Watch Tower
04:52 Watch Tower
05:11 Watch Tower
05:26 Watch Tower
05:31 Watch Tower
05:54 Orc Burrow
06:12 Watch Tower
06:20 Watch Tower
06:42 Watch Tower
06:43 Watch Tower
06:46 Beastiary
07:43 Watch Tower
07:44 Watch Tower
08:11 Beastiary
08:30 Watch Tower
09:49 Watch Tower
09:50 Watch Tower
10:48 Great Hall
10:54 Orc Burrow
11:02 Watch Tower
12:09 Watch Tower
12:38 Fortress
12:38 Fortress
13:26 Watch Tower
15:10 Watch Tower
18:08 Great Hall
18:10 Watch Tower
18:11 Watch Tower
18:12 Watch Tower
18:16 Great Hall
18:23 Watch Tower
19:17 Watch Tower
19:18 Watch Tower
19:19 Watch Tower
19:19 Watch Tower
19:20 Watch Tower
19:21 Watch Tower
19:21 Watch Tower
19:24 Watch Tower
19:25 Watch Tower
19:25 Watch Tower
19:26 Watch Tower
19:40 Voodoo Lounge
19:43 Watch Tower
19:44 Watch Tower
19:46 Watch Tower
19:48 Watch Tower
19:48 Watch Tower
19:49 Watch Tower
20:52 Watch Tower
20:56 Watch Tower
20:57 Watch Tower
22:22 Watch Tower
22:24 Watch Tower
22:25 Watch Tower
22:28 Watch Tower
22:28 Watch Tower
22:29 Watch Tower
23:43 Watch Tower
23:43 Watch Tower
23:44 Watch Tower
23:45 Watch Tower
23:46 Watch Tower
23:47 Watch Tower
» items
| Healing Salve | 4 | |
| Lesser Clarity Potion | 5 | |
| Staff of Teleportation | 1 | |
| Potion of Healing | 1 | |
| Potion of Mana | 1 | |
| Orb of Lightning | 1 | |
| Scroll of Town Portal | 1 | |
14 total
DIRTMCWORDUP (
orange | 76 APM | 2067 actions | 27:05)
4 Archmage
2 Blizzard
2 Brilliance Aura
3 Blood Mage
2 Flame Strike
1 Siphon Mana
» actions
| Assign group hotkey | 2 | |
| Basic commands | 63 | |
| Build / train | 111 | |
| Enter build submenu | 61 | |
| Enter hero's abilities submenu | 7 | |
| Give item / drop item | 4 | |
| Right click | 842 | |
| Select / deselect | 239 | |
| Select group hotkey | 534 | |
| Use ability | 204 | |
2067 total
» units
| Peasant | 24 | |
| Sorceress | 2 | |
| Priest | 2 | |
28 total
» upgrades
| Masonry | 3 | |
| Lumber Harvesting | 2 | |
| Magic Sentry | 1 | |
| Control Magic | 1 | |
| Priest Training | 2 | |
| Sorceress Training | 2 | |
| Armor | 2 | |
| Swords | 2 | |
| Plating | 2 | |
| Gunpowder | 1 | |
| Defend | 1 | |
| Long Rifles | 1 | |
| Animal War Training | 1 | |
| Backpack | 1 | |
| Flak Cannons | 1 | |
| Fragmentation Shards | 1 | |
| Flare | 1 | |
| Flying Machine Bombs | 1 | |
| Barrage | 1 | |
| Cloud | 1 | |
| Storm Hammers | 1 | |
29 total
» buildings
| Altar of Kings | 3 | |
| Lumber Mill | 2 | |
| Farm | 4 | |
| Scout Tower | 79 | |
| Arcane Tower | 2 | |
| Guard Tower | 30 | |
| Keep | 1 | |
| Arcane Sanctum | 1 | |
| Town Hall | 2 | |
| Arcane Vault | 4 | |
| Castle | 1 | |
| Blacksmith | 1 | |
| Barracks | 1 | |
| Workshop | 1 | |
| Gryphon Aviary | 1 | |
133 total
» build order
00:15 Altar of Kings
00:16 Altar of Kings
00:19 Lumber Mill
00:45 Farm
01:02 Scout Tower
01:22 Scout Tower
01:27 Farm
01:34 Arcane Tower
01:35 Scout Tower
01:51 Arcane Tower
01:53 Scout Tower
02:06 Scout Tower
02:08 Guard Tower
02:13 Scout Tower
02:34 Guard Tower
02:38 Scout Tower
02:57 Guard Tower
03:00 Scout Tower
03:15 Guard Tower
03:35 Guard Tower
03:39 Scout Tower
04:01 Scout Tower
04:52 Guard Tower
04:58 Scout Tower
05:02 Scout Tower
05:05 Guard Tower
05:10 Keep
05:14 Scout Tower
05:15 Scout Tower
05:29 Guard Tower
05:32 Scout Tower
05:39 Guard Tower
05:41 Scout Tower
05:42 Scout Tower
06:02 Scout Tower
06:02 Scout Tower
06:03 Scout Tower
06:04 Scout Tower
06:07 Guard Tower
06:15 Scout Tower
06:40 Guard Tower
06:41 Scout Tower
06:45 Guard Tower
07:12 Guard Tower
07:28 Guard Tower
07:33 Scout Tower
07:46 Arcane Sanctum
08:17 Guard Tower
08:20 Guard Tower
08:33 Town Hall
08:39 Scout Tower
10:02 Scout Tower
10:02 Scout Tower
10:04 Scout Tower
10:06 Scout Tower
10:08 Guard Tower
10:19 Arcane Vault
10:24 Arcane Vault
10:27 Farm
10:28 Farm
10:29 Scout Tower
10:30 Scout Tower
10:30 Scout Tower
10:31 Scout Tower
10:32 Scout Tower
10:32 Scout Tower
10:39 Scout Tower
10:39 Scout Tower
10:40 Scout Tower
10:41 Scout Tower
10:43 Scout Tower
10:44 Scout Tower
10:46 Scout Tower
10:47 Scout Tower
11:48 Scout Tower
11:49 Scout Tower
11:50 Scout Tower
11:51 Scout Tower
11:53 Scout Tower
11:53 Scout Tower
11:55 Scout Tower
11:56 Scout Tower
11:56 Scout Tower
12:48 Guard Tower
13:25 Guard Tower
13:27 Castle
13:32 Guard Tower
13:37 Guard Tower
13:46 Guard Tower
14:15 Guard Tower
14:19 Scout Tower
14:19 Scout Tower
14:20 Scout Tower
14:20 Scout Tower
14:21 Scout Tower
14:23 Scout Tower
15:05 Scout Tower
15:06 Scout Tower
15:07 Scout Tower
15:07 Scout Tower
15:08 Scout Tower
15:08 Scout Tower
15:21 Guard Tower
16:13 Guard Tower
16:15 Arcane Vault
17:47 Lumber Mill
17:48 Guard Tower
18:55 Town Hall
18:59 Scout Tower
18:59 Scout Tower
19:01 Scout Tower
19:02 Scout Tower
19:02 Scout Tower
19:03 Scout Tower
19:04 Scout Tower
19:04 Scout Tower
19:05 Scout Tower
19:08 Scout Tower
19:09 Scout Tower
19:10 Scout Tower
19:12 Scout Tower
19:46 Guard Tower
20:04 Guard Tower
21:36 Blacksmith
21:38 Barracks
22:56 Workshop
23:09 Gryphon Aviary
23:45 Guard Tower
24:54 Altar of Kings
26:15 Scout Tower
26:16 Scout Tower
26:21 Arcane Vault
26:48 Guard Tower
» items
| Lesser Clarity Potion | 1 | |
| Healing Salve | 1 | |
| Scroll of Speed | 1 | |
| Staff of Teleportation | 2 | |
| Boots of Speed | 1 | |
| Orb of Lightning | 1 | |
| Staff of Sanctuary | 2 | |
9 total
Chat log
(02:00 / Allies) DIRTMCWORDUP: lum
(02:24 / All) DIRTMCWORDUP: hey who all sucka dog dick U!!!!! answer
(03:11 / All) DIRTMCWORDUP: I WEANNan ge tlost in ur kepper of the groove and drift away....
(05:55 / Allies) DIRTMCWORDUP: STAY ON TOP of a nigga
(06:05 / All) bLinn: shame on a nigga.. who try to run game on a nigga
(06:21 / All) freakyfebs: does using the word nigga make u feel cool?
(06:27 / All) DIRTMCWORDUP: |
(06:27 / All) BEAR_AND: shh
(06:29 / All) bLinn: i was quoting a song
(06:31 / All) BEAR_AND: he from irleand
(06:32 / All) DIRTMCWORDUP: nah make me fele like i keepin int real
(06:42 / All) freakyfebs: cuz i hear 12 year p;ds o nxbox live say that a lot
(06:51 / All) BEAR_AND: nah we all 15+
(06:53 / Allies) DIRTMCWORDUP: gold
(06:54 / All) freakyfebs: so now i am picturing a 12 year old whose balls haven't descended
(07:00 / All) DIRTMCWORDUP: well that a lie i turn 15 next week lol
(07:01 / All) bLinn: my balls have yet to descend.
(07:16 / All) freakyfebs: i'm sure things will work out
(07:36 / Allies) DIRTMCWORDUP: GOLD
(08:13 / Allies) DIRTMCWORDUP: who needa boot
(08:50 / Allies) DIRTMCWORDUP: source
(09:33 / Allies) DIRTMCWORDUP: mine
(09:34 / Allies) DIRTMCWORDUP: for blood
(09:50 / Allies) DIRTMCWORDUP: id talk on vent but you guys like fuckin bitch x10000
(11:18 / Allies) DIRTMCWORDUP: bear and is worst night elf
(11:25 / Allies) DIRTMCWORDUP: he gets like 10 wisps and calls it a day then goes fast chim
(12:03 / Allies) DIRTMCWORDUP: sorc
(12:28 / Allies) BEAR_AND: 15 sec to CREEPE
(12:34 / Allies) DIRTMCWORDUP: mad caste rbreaKRER
(14:09 / Allies) DIRTMCWORDUP: inc
(14:10 / Allies) DIRTMCWORDUP: bink
(14:33 / Allies) DIRTMCWORDUP: make haste yuoung 1
(14:35 / Allies) DIRTMCWORDUP: go
(14:35 / Allies) DIRTMCWORDUP: og
(14:36 / Allies) DIRTMCWORDUP: ogo
(14:37 / Allies) DIRTMCWORDUP: go
(15:16 / Allies) DIRTMCWORDUP: retard
(17:04 / All) BEAR_AND: so do u want game to end now or later
(17:12 / All) flatfeet: if you can end it
(17:14 / All) flatfeet: then end it
(17:17 / All) BEAR_AND: nah lol
(19:53 / All) DIRTMCWORDUP: ya fookin p[oalelels
(20:01 / All) freakyfebs: come again?
(20:08 / All) DIRTMCWORDUP: u got brailled u fucking poalele
(20:19 / All) freakyfebs: wtf is a poalele?
(20:22 / All) DIRTMCWORDUP: wow.
(20:26 / All) freakyfebs: and wtf is brailled?
(20:29 / All) BEAR_AND: u uncutured swinge
(20:32 / All) DIRTMCWORDUP: Retard much?
(20:32 / All) freakyfebs: u guys speak english?
(20:40 / All) freakyfebs: uncutures?
(21:03 / All) freakyfebs: learn to spell plz?
(26:26 / All) DIRTMCWORDUP: GOOD choice/call/decision